AoeStats
← baophule

Arabia

509433916Analyzed
2v2 RM · 7d ago on Sep 26, 2026· 49m 50s· 4 players
Game mode
Random Map
Map size
Medium (4 player)
Population
200
Speed
Normal
Resources
Standard
Victory
Conquest
Starting age
Dark Age
Ending age
Imperial Age
RankedLock teamsTeams togetherTeam positionsShared explorationLock speedFull tech treeHidden civsTurbo modeCheats
Victory
Defeat
🇲🇽 Magyars · Mexico
1210
+13
🇲🇽 Ethiopians · Mexico
1200
+13
🇻🇳 Magyars · Vietnam
1148
-13
🇻🇳 Vietnamese · Vietnam
1147
-13
Phát
6:10 Loom
6:28 Loom
9:08 Feudal Age
14:39 Double-Bit Axe
16:23 Wheelbarrow
27:13 Castle Age
27:05 Scale Barding Armor
27:11 Bloodlines
28:35 Pikeman
29:41 Husbandry
32:55 Scale Mail Armor
38:14 Chain Mail Armor
39:14 Gold Mining
41:06 Hand Cart
40:32 Horse Collar
42:39 Heavy Plow
42:50 Bow Saw
49:28 Corvinian Army
52:08 Imperial Age
baophule
7:46 Loom
10:22 Feudal Age
11:42 Double-Bit Axe
14:41 Fletching
19:46 Padded Archer Armor
21:13 Wheelbarrow
26:00 Castle Age
27:15 Crossbowman
28:33 Bodkin Arrow
31:03 Bow Saw
31:22 Hand Cart
30:54 Town Watch
30:51 Horse Collar
31:48 Gold Mining
32:52 Leather Archer Armor
33:21 Ballistics
34:15 Thumb Ring
43:10 Imperial Age
42:49 Stone Mining
43:51 Arbalester
47:38 Bracer
ChetosF
7:26 Loom
10:37 Feudal Age
11:29 Double-Bit Axe
15:35 Bloodlines
16:11 Scale Barding Armor
23:17 Castle Age
24:37 Chain Barding Armor
24:50 Bow Saw
24:22 Horse Collar
29:30 Wheelbarrow
30:01 Corvinian Army
32:49 Husbandry
34:27 Hand Cart
38:41 Heavy Plow
38:49 Fletching
38:59 Padded Archer Armor
42:46 Bodkin Arrow
43:00 Thumb Ring
43:43 Padded Archer Armor
47:04 Imperial Age
45:23 Ballistics
47:52 Recurve Bow
48:22 Leather Archer Armor
48:12 Bracer
48:41 Parthian Tactics
Marin Pinwin
7:43 Loom
12:25 Feudal Age
13:56 Double-Bit Axe
14:04 Gold Mining
20:17 Fletching
24:26 Padded Archer Armor
29:42 Castle Age
29:42 Crossbowman
30:18 Bodkin Arrow
31:33 Bow Saw
35:29 Thumb Ring
36:42 Ballistics
38:12 Leather Archer Armor
38:53 Horse Collar
44:10 Gold Shaft Mining
49:47 Imperial Age
50:06 Wheelbarrow
Connection lost

Rejoining the realm…

Still unreachable

The connection could not be restored.

Session expired

The server has moved on; the page needs a fresh start.